SKY
CHICAGO CUBS @ KANSAS CITY ROYALS
04/16/2052
 
TOP OF THE 1ST
Chicago Cubs batting - Pitching for Kansas City Royals : RHP Tom Sulek
Pitching: RHP Tom Sulek
Batting: LHB José Armijo 0-0: Ball
1-0: Called Strike
1-1: Foul Ball, location: 2F
1-2: Ball
2-2: SINGLE (Groundball, 6MD, EV 105.0 MPH)
Batting: LHB Abdul Williams 0-0: Ball
1-0: Fielders Choice at 2nd, 3-6 (Groundball, 34, EV 103.1 MPH)
Batting: RHB Meredith Moore 0-0: Swinging Strike
0-1: Ball
1-1: Ball
2-1: Swinging Strike
2-2: Ball
3-2: Strikes out looking
Batting: RHB Pokey Baker 0-0: Ball
1-0: SINGLE (Groundball, 6MD, EV 94.4 MPH)
Abdul Williams to second
Runner from 2nd tries for 3rd, SAFE, no throw by CF
Batting: LHB Ben Waters 0-0: Foul Ball, location: 2F
0-1: SINGLE (Line Drive, 7S, EV 104.4 MPH)
Abdul Williams scores
Pokey Baker to second
Batting: RHB Derek McCone 0-0: Ball
1-0: SINGLE (Groundball, 6MD, EV 94.4 MPH)
Pokey Baker to third
Ben Waters to second
Runner from 3rd tries for Home, SAFE, throw by CF to home
Batting: RHB Joseph Young 0-0: Ball
1-0: Called Strike
1-1: Ball
2-1: Foul Ball, location: 2F
2-2: Ground out 2-3 (Groundball, 2R, EV 68.8 MPH)
Top of the 1st over - 2 runs, 4 hits, 0 errors, 2 left on base; Chicago 2 - Kansas City 0
BOTTOM OF THE 1ST
Kansas City Royals batting - Pitching for Chicago Cubs : RHP Johnny Armour
Pitching: RHP Johnny Armour
Batting: RHB Cooper Wright 0-0: Ball
1-0: Swinging Strike
1-1: Ball
2-1: Ball
3-1: Called Strike
3-2: Strikes out looking
Batting: LHB Britt Lane 0-0: Ball
1-0: Called Strike
1-1: SINGLE (Flyball, 8RS, EV 92.5 MPH)
Batting: LHB Tommy Hill 0-0: Grounds into double play, 6-4-3 (Groundball, 6, EV 80.6 MPH)
Bottom of the 1st over - 0 runs, 1 hit, 0 errors, 0 left on base; Chicago 2 - Kansas City 0
TOP OF THE 2ND
Chicago Cubs batting - Pitching for Kansas City Royals : RHP Tom Sulek
Batting: RHB Abel Stewart 0-0: Ball
1-0: Ball
2-0: Ball
3-0: Base on Balls
Batting: RHB Lincoln Richards 0-0: Ball
1-0: Called Strike
1-1: Foul Ball, location: 2F
1-2: Foul Ball, location: 7LMF
1-2: SINGLE (Groundball, 4D, EV 98.1 MPH)
Abel Stewart to second
Batting: LHB José Armijo 0-0: Called Strike
0-1: Ball
1-1: Called Strike
1-2: Foul Ball, location: 23F
1-2: Ball
2-2: Ball
3-2: Strikes out swinging
Batting: LHB Abdul Williams 0-0: Foul Ball, location: 2F
0-1: Ball
1-1: Foul Ball, location: 5F
1-2: Strikes out swinging
Batting: RHB Meredith Moore 0-0: Ball
1-0: Ball
2-0: Swinging Strike
2-1: Foul Ball, location: 2F
2-2: Fielders Choice at 2nd, 6-4 (Groundball, 6, EV 83.1 MPH)
Top of the 2nd over - 0 runs, 1 hit, 0 errors, 2 left on base; Chicago 2 - Kansas City 0
BOTTOM OF THE 2ND
Kansas City Royals batting - Pitching for Chicago Cubs : RHP Johnny Armour
Batting: SHB Roberto Esquivel 0-0: Ball
1-0: Ball
2-0: Ball
3-0: Called Strike
3-1: SINGLE (Flyball, 56D, EV 98.1 MPH)
Batting: LHB Walter Prater 0-0: Ball
Roberto Esquivel is caught stealing 2nd base 2-6
1-0: Ball
2-0: Ground out 4-3 (Groundball, 4S, EV 62.5 MPH)
Batting: SHB Walter Steffen 0-0: Ball
1-0: Ball
2-0: Ball
3-0: Base on Balls
Batting: RHB Braiden Bonner 0-0: Fly out, F9 (Flyball, 9, EV 91.3 MPH)
Bottom of the 2nd over - 0 runs, 1 hit, 0 errors, 1 left on base; Chicago 2 - Kansas City 0
TOP OF THE 3RD
Chicago Cubs batting - Pitching for Kansas City Royals : RHP Tom Sulek
Batting: RHB Pokey Baker 0-0: Ball
1-0: Called Strike
1-1: Called Strike
1-2: SINGLE (Groundball, 6MD, EV 107.5 MPH)
Batting: LHB Ben Waters 0-0: Called Strike
0-1: Ball
1-1: DOUBLE (Flyball, 78XD, EV 91.3 MPH)
Pokey Baker to third
Batting: RHB Derek McCone 0-0: Swinging Strike
0-1: Ball
1-1: Foul Ball, location: 9LMF
1-2: Strikes out swinging
Batting: RHB Joseph Young 0-0: Called Strike
0-1: Called Strike
0-2: SINGLE (Line Drive, 78S, EV 96.9 MPH)
Pokey Baker scores
Ben Waters to third
Batting: RHB Abel Stewart 0-0: Ball
1-0: DOUBLE (Line Drive, 7LM, EV 101.3 MPH)
Ben Waters scores
Joseph Young to third
Batting: RHB Lincoln Richards 0-0: Ground out 1-3 (Groundball, 13S, EV 68.8 MPH)
Batting: LHB José Armijo 0-0: Ball
1-0: Foul Ball, location: 2F
1-1: Swinging Strike
1-2: Foul Ball, location: 7LMF
1-2: Strikes out swinging
Top of the 3rd over - 2 runs, 4 hits, 0 errors, 2 left on base; Chicago 4 - Kansas City 0
BOTTOM OF THE 3RD
Kansas City Royals batting - Pitching for Chicago Cubs : RHP Johnny Armour
Batting: LHB Rudy Phillips 0-0: Ground out 3-1 (Groundball, 34S, EV 90.0 MPH)
Batting: RHB Aimar García 0-0: Called Strike
0-1: Ball
1-1: Ball
2-1: Ball
3-1: Fly out, F6 (Popup, 6M, EV 63.8 MPH)
Batting: RHB Cooper Wright 0-0: Called Strike
0-1: Fly out, F7 (Flyball, 7S, EV 75.0 MPH)
Bottom of the 3rd over - 0 runs, 0 hits, 0 errors, 0 left on base; Chicago 4 - Kansas City 0
TOP OF THE 4TH
Chicago Cubs batting - Pitching for Kansas City Royals : RHP Tom Sulek
Batting: LHB Abdul Williams 0-0: Swinging Strike
0-1: Ball
1-1: Foul Ball, location: 3F
1-2: Strikes out looking
Batting: RHB Meredith Moore 0-0: Ball
1-0: Foul Ball, location: 3DF
1-1: Foul Ball, location: 2F
1-2: Ball
2-2: Ball
3-2: Strikes out looking
Batting: RHB Pokey Baker 0-0: Ball
1-0: Ground out 5-3 (Groundball, 56S, EV 88.8 MPH)
Top of the 4th over - 0 runs, 0 hits, 0 errors, 0 left on base; Chicago 4 - Kansas City 0
BOTTOM OF THE 4TH
Kansas City Royals batting - Pitching for Chicago Cubs : RHP Johnny Armour
Batting: LHB Britt Lane 0-0: Fly out, F7 (Flyball, 78M, EV 90.0 MPH)
Batting: LHB Tommy Hill 0-0: Ball
1-0: Ball
2-0: Ground out 6-3 (Groundball, 6, EV 78.8 MPH)
Batting: SHB Roberto Esquivel 0-0: Ball
1-0: SINGLE (Groundball, 34D, EV 103.8 MPH)
Batting: LHB Walter Prater 0-0: Called Strike
0-1: Ball
1-1: Ball
2-1: Ball
3-1: Fly out, F3 (Popup, 23, EV 85.0 MPH)
Bottom of the 4th over - 0 runs, 1 hit, 0 errors, 1 left on base; Chicago 4 - Kansas City 0
TOP OF THE 5TH
Chicago Cubs batting - Pitching for Kansas City Royals : RHP Tom Sulek
Batting: LHB Ben Waters 0-0: Called Strike
0-1: Ball
1-1: Ball
2-1: Ball
3-1: Foul Ball, location: 2F
3-2: DOUBLE (Line Drive, 78XD, EV 103.8 MPH)
Batting: RHB Derek McCone 0-0: Ball
1-0: Swinging Strike
1-1: Ball
2-1: Ball
3-1: Called Strike
3-2: Strikes out swinging
Batting: RHB Joseph Young 0-0: Called Strike
0-1: Called Strike
0-2: Strikes out swinging
Pitching: RHP Denmark Cowell
Batting: RHB Abel Stewart 0-0: Foul Ball, location: 2F
0-1: Swinging Strike
0-2: Ball
1-2: Ball
2-2: Foul Ball, location: 9LSF
2-2: SINGLE (Groundball, 6MS, EV 85.6 MPH) (infield hit)
Ben Waters to third
Batting: RHB Lincoln Richards 0-0: Called Strike
0-1: Ball
1-1: Ball
2-1: Ball
3-1: Base on Balls
Abel Stewart to second
Batting: LHB José Armijo 0-0: Swinging Strike
0-1: Ball
1-1: Ball
2-1: Swinging Strike
2-2: Foul Ball, location: 7LMF
2-2: SINGLE (Line Drive, 34, EV 96.3 MPH)
Ben Waters scores
Abel Stewart to third
Lincoln Richards to second
Runner from 3rd tries for Home, SAFE, throw by RF to home
Batting: LHB Abdul Williams 0-0: SINGLE (Groundball, 34D, EV 101.9 MPH)
Lincoln Richards to third
José Armijo to second
Runner from 3rd tries for Home, SAFE, throw by RF to home
Batting: RHB Meredith Moore 0-0: Fielders Choice at 2nd, 6-4 (Groundball, 6, EV 109.4 MPH)
Top of the 5th over - 3 runs, 4 hits, 0 errors, 2 left on base; Chicago 7 - Kansas City 0
BOTTOM OF THE 5TH
Kansas City Royals batting - Pitching for Chicago Cubs : RHP Johnny Armour
Batting: SHB Walter Steffen 0-0: Ball
1-0: Foul Ball, location: 23FF
1-1: Ball
2-1: Ball
3-1: Base on Balls
Batting: RHB Braiden Bonner 0-0: Called Strike
Walter Steffen is caught stealing 2nd base 2-4
0-1: Ball
1-1: Called Strike
1-2: Foul Ball, location: 7LSF
1-2: Ball
2-2: Foul Ball, location: 25F
2-2: Fly out, F8 (Line Drive, 8RM, EV 96.3 MPH)
Batting: LHB Rudy Phillips 0-0: Foul Ball, location: 7LSF
0-1: Ball
1-1: Ball
2-1: Ground out 6-3 (Groundball, 6, EV 81.3 MPH)
Bottom of the 5th over - 0 runs, 0 hits, 0 errors, 0 left on base; Chicago 7 - Kansas City 0
TOP OF THE 6TH
Chicago Cubs batting - Pitching for Kansas City Royals : RHP Denmark Cowell
Batting: RHB Pokey Baker 0-0: Called Strike
0-1: Ball
1-1: Swinging Strike
1-2: Foul Ball, location: 5F
1-2: Ball
2-2: Strikes out swinging
Batting: LHB Ben Waters 0-0: Called Strike
0-1: SOLO HOME RUN (Flyball, 9LD, EV 93.8 MPH), Distance : 345 ft
Batting: RHB Derek McCone 0-0: Ball
1-0: Ball
2-0: Ball
3-0: Foul Ball, location: 7LMF
3-1: Called Strike
3-2: Strikes out swinging
Batting: RHB Joseph Young 0-0: Ball
1-0: Called Strike
1-1: Foul Ball, location: 3F
1-2: Strikes out swinging
Top of the 6th over - 1 run, 1 hit, 0 errors, 0 left on base; Chicago 8 - Kansas City 0
BOTTOM OF THE 6TH
Kansas City Royals batting - Pitching for Chicago Cubs : RHP Johnny Armour
Batting: RHB Aimar García 0-0: Ball
1-0: Foul Ball, location: 2F
1-1: Swinging Strike
1-2: Ball
2-2: Ball
3-2: Base on Balls
Batting: RHB Cooper Wright 0-0: Called Strike
0-1: Called Strike
Aimar García is caught stealing 2nd base 2-4
0-2: Ball
1-2: Ball
2-2: Ball
3-2: Strikes out looking
Batting: LHB Britt Lane 0-0: Foul Ball, location: 2F
0-1: Swinging Strike
0-2: Strikes out swinging, 2-3 out at first.
Bottom of the 6th over - 0 runs, 0 hits, 0 errors, 0 left on base; Chicago 8 - Kansas City 0
TOP OF THE 7TH
Chicago Cubs batting - Pitching for Kansas City Royals : RHP Denmark Cowell
Batting: RHB Abel Stewart 0-0: SOLO HOME RUN (Flyball, 89XD, EV 105.6 MPH), Distance : 395 ft
Batting: RHB Lincoln Richards 0-0: Ball
1-0: Ball
2-0: Fly out, F9 (Line Drive, 89M, EV 96.9 MPH)
Batting: LHB José Armijo 0-0: Ball
1-0: Foul Ball, location: 2F
1-1: Swinging Strike
1-2: Ball
2-2: Foul Ball, location: 2F
2-2: Foul Ball, location: 2F
2-2: Ball
3-2: Strikes out swinging
Batting: LHB Abdul Williams 0-0: Ball
1-0: Ball
2-0: Ball
3-0: Called Strike
3-1: Base on Balls
Pitching: LHP Kenneth Greca
Batting: RHB Meredith Moore 0-0: Ball
1-0: Ball
2-0: Called Strike
2-1: Called Strike
2-2: DOUBLE (Flyball, 8LXD, EV 101.9 MPH)
Abdul Williams to third
Runner from 3rd tries for Home, SAFE, throw by CF to home
Batting: RHB Pokey Baker 0-0: Called Strike
0-1: Ball
1-1: Ball
2-1: Called Strike
2-2: Fly out, F8 (Flyball, 8RXD, EV 104.4 MPH)
Top of the 7th over - 2 runs, 2 hits, 0 errors, 1 left on base; Chicago 10 - Kansas City 0
BOTTOM OF THE 7TH
Kansas City Royals batting - Pitching for Chicago Cubs : RHP Johnny Armour
Now in LF: Jonah Daley
Batting: LHB Tommy Hill 0-0: Called Strike
0-1: Ball
1-1: Swinging Strike
1-2: SINGLE (Line Drive, 56D, EV 106.9 MPH)
Batting: SHB Roberto Esquivel 0-0: Ball
Wild Pitch!
Tommy Hill to second
1-0: Ball
2-0: Called Strike
2-1: DOUBLE (Flyball, 8RD, EV 96.3 MPH)
Tommy Hill scores
Batting: LHB Walter Prater 0-0: Foul Ball, location: 3FF
0-1: Foul Ball, location: 25F
0-2: Strikes out looking
Batting: SHB Walter Steffen 0-0: Ground out 5-3 (Groundball, 56S, EV 85.0 MPH)
Batting: RHB Braiden Bonner 0-0: Called Strike
0-1: Ball
Wild Pitch!
Roberto Esquivel to third
1-1: Foul Ball, location: 2F
1-2: DOUBLE (Flyball, 8LXD, EV 110.0 MPH)
Roberto Esquivel scores
Batting: LHB Rudy Phillips 0-0: Ground out 4-3 (Groundball, 34D, EV 95.6 MPH)
Bottom of the 7th over - 2 runs, 3 hits, 0 errors, 1 left on base; Chicago 10 - Kansas City 2
TOP OF THE 8TH
Chicago Cubs batting - Pitching for Kansas City Royals : LHP Kenneth Greca
Batting: LHB Ben Waters 0-0: Swinging Strike
0-1: Called Strike
0-2: Ball
1-2: Strikes out swinging, 2-3 out at first.
DELAY Rain delay of 46 minutes in the 8th inning.
Batting: RHB Derek McCone 0-0: Foul Ball, location: 5F
0-1: Called Strike
0-2: Ball
1-2: Ground out 6-3 (Groundball, 6, EV 90.6 MPH)
Batting: RHB Joseph Young 0-0: Ball
1-0: Ball
2-0: SINGLE (Line Drive, 78S, EV 90.6 MPH)
Batting: RHB Abel Stewart 0-0: Fly out, F7 (Flyball, 78M, EV 89.4 MPH)
Top of the 8th over - 0 runs, 1 hit, 0 errors, 1 left on base; Chicago 10 - Kansas City 2
BOTTOM OF THE 8TH
Kansas City Royals batting - Pitching for Chicago Cubs : RHP Johnny Armour
Pitching: RHP Hermon Griffin
Now at 3B: Jonah Daley
Now in LF: Meredith Moore
Now in CF: Britt Bell
Batting: RHB Aimar García 0-0: Ball
1-0: Ground out 5-3 (Groundball, 56, EV 86.9 MPH)
Batting: RHB Cooper Wright 0-0: Foul Ball, location: 25F
0-1: Ball
1-1: Fly out, F7 (Flyball, 7S, EV 76.9 MPH)
Batting: LHB Britt Lane 0-0: Ball
1-0: Ball
2-0: Foul Ball, location: 2F
2-1: Ball
3-1: Base on Balls
Batting: LHB Tommy Hill 0-0: Called Strike
0-1: Called Strike
0-2: Foul Ball, location: 2F
0-2: Ball
1-2: Foul Ball, location: 2F
1-2: Foul Ball, location: 2RF
1-2: Foul Ball, location: 7LMFF
1-2: Fielders Choice at 2nd, U6 (Groundball, 6M, EV 88.8 MPH)
Bottom of the 8th over - 0 runs, 0 hits, 0 errors, 1 left on base; Chicago 10 - Kansas City 2
TOP OF THE 9TH
Chicago Cubs batting - Pitching for Kansas City Royals : LHP Kenneth Greca
Pitching: RHP Max Rea
Batting: RHB Lincoln Richards 0-0: Ground out 4-3 (Groundball, 4, EV 81.3 MPH)
Batting: LHB José Armijo 0-0: Ground out 4-3 (Groundball, 4, EV 108.1 MPH)
Batting: RHB Jonah Daley 0-0: Foul Ball, location: 2F
0-1: Fly out, F7 (Line Drive, 7, EV 105.6 MPH)
Top of the 9th over - 0 runs, 0 hits, 0 errors, 0 left on base; Chicago 10 - Kansas City 2
BOTTOM OF THE 9TH
Kansas City Royals batting - Pitching for Chicago Cubs : RHP Hermon Griffin
Batting: SHB Roberto Esquivel 0-0: Ball
1-0: Called Strike
1-1: Swinging Strike
1-2: Foul Ball, location: 3F
1-2: Ball
2-2: Foul Ball, location: 2F
2-2: Foul Ball, location: 25F
2-2: Foul Ball, location: 2F
2-2: Ground out 1-3 (Groundball, 13S, EV 76.3 MPH)
Batting: LHB Walter Prater 0-0: Ball
1-0: Foul Ball, location: 2F
1-1: Ball
2-1: Ball
3-1: Foul Ball, location: 5F
3-2: Base on Balls
Batting: SHB Walter Steffen 0-0: Grounds into double play, 5-4-3 (Groundball, 56, EV 81.3 MPH)
Bottom of the 9th over - 0 runs, 0 hits, 0 errors, 0 left on base; Chicago 10 - Kansas City 2
Wednesday, April 17th , 2024 - OOTP Baseball 24.11 Build 85